[Event "RUS-ch Men Rapid 2019"]
[Site "Sochi"]
[Date "2019.10.15"]
[Round "4.11"]
[White "Moiseenko, Vadim"]
[Black "Potapov, Pavel"]
[Result "0-1"]
[ECO "B22"]
[WhiteElo "2595"]
[BlackElo "2489"]
[Annotator "ChessBase"]
[PlyCount "138"]
[EventDate "2019.10.15"]
[EventType "swiss"]
[EventCountry "RUS"]
[SourceTitle "playchess.com"]
[Source "ChessBase"]
[SourceQuality "1"]
[TimeControl "900+10"]

1. e4 c5 2. c3 Nf6 3. e5 Nd5 4. Nf3 Nc6 5. Bc4 Nb6 6. Bb3 c4 7. Bc2 d5 8. exd6 e5 9. a4 Bxd6 10. a5 Nd5 11. a6 Nf4 12. O-O O-O 13. Na3 Bxa3 14. Rxa3 Nd3 15. Ne1 e4 16. Nxd3 exd3 17. Ba4 Ne5 18. Qh5 Qf6 19. Re1 Bf5 20. axb7 Rab8 21. Bb5 Rxb7 22. Ra6 Rb6 23. Rxb6 axb6 24. f4 Ng6 25. g3 Rc8 26. Ba6 Rc5 27. b4 Rc7 28. Qg5 Qxg5 29. Re8+ Nf8 30. fxg5 f6 31. gxf6 gxf6 32. Rd8 Kg7 33. Rd4 Re7 34. g4 Bd7 35. Kf1 b5 36. h3 Re2 37. Bb7 h5 38. Bf3 Re5 39. gxh5 Bxh3+ 40. Kf2 Ne6 41. Rd7+ Kh6 42. Rb7 Ng5 43. Bc6 Re2+ 44. Kg3 Re1 45. Ba3 Ra1 46. Bxb5 Rxa3 47. Bxc4 Bf5 48. Kf4 Bh7 49. Rb6 Ra1 50. Rxf6+ Kxh5 51. Ke3 Re1+ 52. Kd4 Re4+ 53. Kc5 Re2 54. Kd4 Rxd2 55. Rf1 Rb2 56. Bxd3 Rd2 57. Rh1+ Kg4 58. Rxh7 Nxh7 59. Ke3 Rh2 60. b5 Nf6 61. c4 Nd7 62. Be4 Kg5 63. Bc6 Ne5 64. Kd4 Kf6 65. Bd5 Nd7 66. Be4 Rh4 67. Kd5 Ke7 68. Bd3 Rh5+ 69. Kc6 Ne5+ 0-1

[Event "RUS-ch Men Rapid 2019"]
[Site "Sochi"]
[Date "2019.10.15"]
[Round "4.12"]
[White "Sakaev, Konstantin"]
[Black "Airapetian, Gor"]
[Result "1-0"]
[ECO "D37"]
[WhiteElo "2586"]
[BlackElo "2447"]
[Annotator "ChessBase"]
[PlyCount "69"]
[EventDate "2019.10.15"]
[EventType "swiss"]
[EventCountry "RUS"]
[SourceTitle "playchess.com"]
[Source "ChessBase"]
[SourceQuality "1"]
[TimeControl "900+10"]

1. d4 Nf6 2. c4 e6 3. Nf3 d5 4. Nc3 Be7 5. Bf4 O-O 6. e3 Nbd7 7. cxd5 Nxd5 8. Nxd5 exd5 9. Bd3 c6 10. Qc2 Qa5+ 11. Nd2 Nf6 12. O-O Qd8 13. h3 h6 14. Nb3 Bd6 15. Bxd6 Qxd6 16. Nc5 Re8 17. Rfc1 b6 18. Nb3 Bd7 19. Nd2 Rac8 20. Qa4 Rc7 21. b4 Ne4 22. Nxe4 dxe4 23. Bf1 Qg6 24. Kh1 Qf6 25. Qc2 Qd6 26. Rab1 f5 27. Rb3 Kh7 28. a3 f4 29. exf4 Qxf4 30. Re3 Kh8 31. Kg1 Bf5 32. d5 c5 33. Bb5 Rf8 34. Bc6 Qd6 35. bxc5 1-0

[Event "RUS-ch Men Rapid 2019"]
[Site "Sochi"]
[Date "2019.10.15"]
[Round "4.13"]
[White "Yudin, Sergei"]
[Black "Eraschenkov, Denis"]
[Result "1-0"]
[ECO "C42"]
[WhiteElo "2577"]
[BlackElo "2382"]
[Annotator "ChessBase"]
[PlyCount "97"]
[EventDate "2019.10.15"]
[EventType "swiss"]
[EventCountry "RUS"]
[SourceTitle "playchess.com"]
[Source "ChessBase"]
[SourceQuality "1"]
[TimeControl "900+10"]

1. e4 e5 2. Nf3 Nf6 3. Nxe5 d6 4. Nf3 Nxe4 5. c4 Be7 6. d4 O-O 7. Bd3 d5 8. O-O Bg4 9. cxd5 Nf6 10. h3 Bh5 11. Nc3 Nxd5 12. Re1 Nc6 13. Bxh7+ Kxh7 14. Ng5+ Kg8 15. Qxh5 Bxg5 16. Bxg5 Qd7 17. Qf3 Nxc3 18. bxc3 f6 19. Bf4 Rfe8 20. Qg3 Ne7 21. Bxc7 Nf5 22. Qg4 Qxc7 23. Qxf5 Qxc3 24. Qd5+ Kf8 25. Rec1 Rad8 26. Qxb7 Qxd4 27. a4 Re2 28. Qf3 Qe5 29. Rab1 Rdd2 30. Rc8+ Kf7 31. Rb7+ Kg6 32. Qg4+ Qg5 33. Qxg5+ fxg5 34. Rf8 Rd1+ 35. Kh2 Rdd2 36. Kg3 a5 37. Rb6+ Kh7 38. Rb5 Re4 39. Rxa5 g4 40. hxg4 Ra2 41. Rfa8 Ra3+ 42. f3 Re2 43. Rh5+ Kg6 44. Ra6+ Kf7 45. Rf5+ Kg8 46. g5 Kh7 47. g6+ Kh6 48. Kh4 Re4+ 49. g4 1-0

[Event "RUS-ch Men Rapid 2019"]
[Site "Sochi"]
[Date "2019.10.15"]
[Round "4.14"]
[White "Gorbatov, Alexej"]
[Black "Savchenko, Boris"]
[Result "0-1"]
[ECO "B82"]
[WhiteElo "2355"]
[BlackElo "2560"]
[Annotator "ChessBase"]
[PlyCount "69"]
[EventDate "2019.10.15"]
[EventType "swiss"]
[EventCountry "RUS"]
[SourceTitle "playchess.com"]
[Source "ChessBase"]
[SourceQuality "1"]
[TimeControl "900+10"]

1. e4 c5 2. Nf3 e6 3. d4 cxd4 4. Nxd4 Nf6 5. Nc3 d6 6. f4 a6 7. Nf3 Qb6 8. Bd3 Nc6 9. Qe2 g6 10. Bd2 Bg7 11. O-O-O O-O 12. Rhg1 Nd7 13. g4 Nc5 14. g5 Qc7 15. Kb1 b5 16. Qe3 Na4 17. Nxa4 bxa4 18. Be2 Ne7 19. Bc3 Bxc3 20. Qxc3 Qxc3 21. bxc3 Bb7 22. Rd4 Rfc8 23. Rb4 Bc6 24. Bd3 d5 25. e5 Bb5 26. Bxb5 axb5 27. Nd4 Rxc3 28. Rxb5 Rac8 29. Rg3 R3c4 30. c3 Nf5 31. Nxf5 gxf5 32. Rf3 Rxc3 33. Rxc3 Rxc3 34. Rb4 a3 35. h4 0-1

[Event "RUS-ch Men Rapid 2019"]
[Site "Sochi"]
[Date "2019.10.15"]
[Round "4.16"]
[White "Akhtariev, Andrey"]
[Black "Rozum, Ivan"]
[Result "0-1"]
[ECO "B12"]
[WhiteElo "2160"]
[BlackElo "2551"]
[Annotator "ChessBase"]
[PlyCount "90"]
[EventDate "2019.10.15"]
[EventType "swiss"]
[EventCountry "RUS"]
[SourceTitle "playchess.com"]
[Source "ChessBase"]
[SourceQuality "1"]
[TimeControl "900+10"]

1. e4 c6 2. d4 d5 3. e5 Bf5 4. g4 Be4 5. f3 Bg6 6. e6 Qd6 7. exf7+ Bxf7 8. f4 Nf6 9. g5 Ne4 10. Nf3 Nd7 11. Be2 h6 12. gxh6 Qxh6 13. Rg1 e6 14. Qd3 Bd6 15. Qe3 O-O-O 16. Nc3 Ndf6 17. Rg2 Nh5 18. Ne5 Rdf8 19. Nxe4 dxe4 20. Qxe4 Nf6 21. Qe3 Nd5 22. Qg3 Bh5 23. Bxh5 Bxe5 24. dxe5 Qxh5 25. Bd2 Rf7 26. c4 Ne7 27. Qg4 Qxg4 28. Rxg4 Rxh2 29. O-O-O Nf5 30. Rg6 Rh6 31. Rdg1 Rxg6 32. Rxg6 Kd7 33. Kc2 Rf8 34. Rg2 Rh8 35. a4 Rh3 36. b4 Ke7 37. Rg1 Kf7 38. Bc3 Ne3+ 39. Kb3 Rf3 40. Re1 b5 41. axb5 cxb5 42. Kb2 bxc4 43. Bd2 Nd5 44. Rc1 Rf2 45. Rc2 Rxd2 0-1

[Event "RUS-ch Men Rapid 2019"]
[Site "Sochi"]
[Date "2019.10.15"]
[Round "4.17"]
[White "Drygalov, Andrey"]
[Black "Musalov, Ruslan"]
[Result "1-0"]
[ECO "C54"]
[WhiteElo "2538"]
[BlackElo "2348"]
[Annotator "ChessBase"]
[PlyCount "47"]
[EventDate "2019.10.15"]
[EventType "swiss"]
[EventCountry "RUS"]
[SourceTitle "playchess.com"]
[Source "ChessBase"]
[SourceQuality "1"]
[TimeControl "900+10"]

1. e4 e5 2. Nf3 Nc6 3. Bc4 Bc5 4. c3 Nf6 5. d3 O-O 6. O-O d5 7. exd5 Nxd5 8. a4 a5 9. Nbd2 Nb6 10. Bb5 f6 11. Ne4 Be7 12. Be3 Nd5 13. Bc5 Bxc5 14. Nxc5 Nce7 15. Bc4 Kh8 16. Re1 b6 17. Ne4 Nf5 18. d4 exd4 19. Nxd4 Nxd4 20. Qxd4 Bb7 21. Rad1 c6 22. Ng3 Qc7 23. Bxd5 Rad8 24. Qc4 1-0

[Event "RUS-ch Men Rapid 2019"]
[Site "Sochi"]
[Date "2019.10.15"]
[Round "4.18"]
[White "Gaydym, Arseniy"]
[Black "Zakhartsov, Vladimir"]
[Result "1-0"]
[ECO "B24"]
[WhiteElo "2139"]
[BlackElo "2527"]
[Annotator "RC"]
[PlyCount "83"]
[EventDate "2019.10.15"]
[EventType "swiss"]
[EventCountry "RUS"]
[SourceTitle "playchess.com"]
[Source "ChessBase"]
[SourceQuality "1"]
[TimeControl "900+10"]

1. e4 c5 2. Nc3 Nc6 3. g3 g6 4. Bg2 Bg7 5. d3 e5 6. Be3 d6 7. Qd2 Nge7 8. Bh6 Bxh6 9. Qxh6 Nd4 10. Qd2 b5 11. Nd5 Nxd5 12. exd5 O-O 13. c3 Nf5 14. Ne2 Bb7 15. c4 bxc4 16. dxc4 a5 17. O-O Nd4 18. f4 f6 19. fxe5 fxe5 20. Nxd4 cxd4 21. Rxf8+ Qxf8 22. Rf1 Qe7 23. b3 Kg7 24. c5 dxc5 25. d6 Qd7 26. Qg5 Bxg2 27. Qxe5+ Kg8 28. Kxg2 Qc6+ 29. Kg1 Re8 30. Qf6 Qd5 31. h4 Qe5 32. Qf7+ Kh8 33. Kh2 Rd8 34. Qe7 Qxd6 35. Rf8+ Rxf8 36. Qxd6 Kg8 37. Qxc5 Rd8 38. Qxa5 Rd7 39. Qb5 Rd8 40. Qb6 Rd7 41. Qe6+ Rf7 42. Qd5 1-0

[Event "RUS-ch Men Rapid 2019"]
[Site "Sochi"]
[Date "2019.10.15"]
[Round "4.19"]
[White "Belozerov, Andrei"]
[Black "Ivlev, Aleksey"]
[Result "1/2-1/2"]
[ECO "C80"]
[WhiteElo "2506"]
[BlackElo "2292"]
[Annotator "ChessBase"]
[PlyCount "99"]
[EventDate "2019.10.15"]
[EventType "swiss"]
[EventCountry "RUS"]
[SourceTitle "playchess.com"]
[Source "ChessBase"]
[SourceQuality "1"]
[TimeControl "900+10"]

1. e4 e5 2. Nf3 Nc6 3. Bb5 a6 4. Ba4 Nf6 5. O-O Nxe4 6. d4 b5 7. Bb3 d5 8. dxe5 Be6 9. Nbd2 Nc5 10. c3 Be7 11. Bc2 d4 12. cxd4 Nxd4 13. Nxd4 Qxd4 14. Nf3 Qxd1 15. Rxd1 O-O 16. Ng5 h6 17. Bh7+ Kh8 18. Nxe6 Nxe6 19. Be4 Rad8 20. Be3 Bc5 21. Bxc5 Nxc5 22. Bc2 g5 23. g3 Ne6 24. Kg2 Nd4 25. Rac1 c5 26. Be4 c4 27. Rd2 Ne6 28. Rcd1 Rxd2 29. Rxd2 Kg7 30. Kf3 Nc5 31. Ke3 Rc8 32. Bc2 b4 33. Rd6 a5 34. Rb6 Rd8 35. Rb5 Ne6 36. Rxa5 Nd4 37. Be4 b3 38. axb3 Nxb3 39. Ra7 Kf8 40. Ra8 Rxa8 41. Bxa8 Nc5 42. Bd5 c3 43. bxc3 Ke7 44. Kd4 Na4 45. Bb3 Nb6 46. f4 Nd7 47. Ba4 Nf8 48. f5 g4 49. f6+ Ke6 50. Bb3+ {[%emt 0:00:02] Kd5+} 1/2-1/2

[Event "RUS-ch Men Rapid 2019"]
[Site "Sochi"]
[Date "2019.10.15"]
[Round "4.20"]
[White "Antipov, Mikhail Al."]
[Black "Gabitov, Ruslan"]
[Result "1-0"]
[ECO "C55"]
[WhiteElo "2658"]
[BlackElo "2172"]
[Annotator "RC"]
[PlyCount "75"]
[EventDate "2019.10.15"]
[EventType "swiss"]
[EventCountry "RUS"]
[SourceTitle "playchess.com"]
[Source "ChessBase"]
[SourceQuality "1"]
[TimeControl "900+10"]

1. e4 e5 2. Nf3 Nc6 3. Bc4 Nf6 4. d3 Be7 5. O-O O-O 6. a4 d6 7. h3 a6 8. a5 h6 9. Nc3 Nh7 10. Nd5 Be6 11. c3 Bxd5 12. Bxd5 Nxa5 13. Qa4 c6 14. Qxa5 cxd5 15. Qxd5 Qc7 16. Be3 Kh8 17. Nd2 Nf6 18. Qa5 Qxa5 19. Rxa5 d5 20. Rfa1 Rfd8 21. Bb6 Rd7 22. Nf3 dxe4 23. Nxe5 Rd5 24. dxe4 Rxa5 25. Rxa5 Nxe4 26. Nxf7+ Kg8 27. Nxh6+ gxh6 28. Re5 Ba3 29. bxa3 Nxc3 30. Re7 Na4 31. Rxb7 Rc8 32. Bd4 Rc1+ 33. Kh2 Rc4 34. Rb4 Rxb4 35. axb4 Kf7 36. g4 Ke6 37. h4 Kd5 38. g5 1-0

[Event "RUS-ch Men Rapid 2019"]
[Site "Sochi"]
[Date "2019.10.15"]
[Round "4.21"]
[White "Bocharov, Dmitry"]
[Black "Papenin, Nikolai"]
[Result "1-0"]
[ECO "A38"]
[WhiteElo "2673"]
[BlackElo "2295"]
[Annotator "RC"]
[PlyCount "51"]
[EventDate "2019.10.15"]
[EventType "swiss"]
[EventCountry "RUS"]
[SourceTitle "playchess.com"]
[Source "ChessBase"]
[SourceQuality "1"]
[TimeControl "900+10"]

1. c4 Nf6 2. Nc3 c5 3. g3 Nc6 4. Bg2 g6 5. Nf3 Bg7 6. d4 cxd4 7. Nxd4 O-O 8. Nc2 d6 9. b3 Qa5 10. Bd2 Qh5 11. h3 Be6 12. Ne3 Rac8 13. Rc1 a6 14. Ned5 Bxd5 15. cxd5 Nb4 16. Bf3 Qf5 17. a3 Nbxd5 18. Nxd5 Nxd5 19. Rxc8 Rxc8 20. Bg4 Qe4 21. f3 Qe5 22. Bxc8 Qxg3+ 23. Kf1 Bc3 24. Bxb7 Qe5 25. Bxd5 Qxd5 26. e4 1-0

[Event "RUS-ch Men Rapid 2019"]
[Site "Sochi"]
[Date "2019.10.15"]
[Round "4.23"]
[White "Bespalov, Konstantin"]
[Black "Triapishko, Alexandr"]
[Result "0-1"]
[ECO "B10"]
[WhiteElo "2258"]
[BlackElo "2581"]
[Annotator "ChessBase"]
[PlyCount "66"]
[EventDate "2019.10.15"]
[EventType "swiss"]
[EventCountry "RUS"]
[SourceTitle "playchess.com"]
[Source "ChessBase"]
[SourceQuality "1"]
[TimeControl "900+10"]

1. e4 c6 2. Nc3 d5 3. d3 dxe4 4. Bf4 Nd7 5. dxe4 e5 6. Be3 Ngf6 7. Bd3 Nc5 8. f3 Be6 9. Nge2 Be7 10. O-O O-O 11. Nc1 a5 12. Be2 b5 13. Nd3 Nfd7 14. Qe1 Nxd3 15. Bxd3 Bc5 16. Qf2 Qe7 17. Rfe1 Rfd8 18. Nd1 g6 19. Bf1 b4 20. Bxc5 Nxc5 21. Ne3 Na4 22. b3 Nc3 23. Bc4 a4 24. Bd3 Qc5 25. Ng4 Qxf2+ 26. Nxf2 c5 27. Rec1 c4 28. bxc4 Rac8 29. a3 Bxc4 30. Bxc4 Rxc4 31. Kf1 b3 32. cxb3 axb3 33. Re1 b2 0-1

[Event "RUS-ch Men Rapid 2019"]
[Site "Sochi"]
[Date "2019.10.15"]
[Round "4.24"]
[White "Nozdrachev, Vladislav"]
[Black "Nazaryev, Sergey"]
[Result "1/2-1/2"]
[ECO "B13"]
[WhiteElo "2560"]
[BlackElo "2270"]
[Annotator "ChessBase"]
[PlyCount "85"]
[EventDate "2019.10.15"]
[EventType "swiss"]
[EventCountry "RUS"]
[SourceTitle "playchess.com"]
[Source "ChessBase"]
[SourceQuality "1"]
[TimeControl "900+10"]

1. e4 c6 2. d4 d5 3. exd5 cxd5 4. Bd3 Nc6 5. c3 Nf6 6. Bf4 Bg4 7. Qb3 Qd7 8. Nd2 e6 9. h3 Bh5 10. Ngf3 Bd6 11. Bxd6 Qxd6 12. O-O Bxf3 13. Nxf3 O-O 14. Rfe1 Rab8 15. Ne5 Nd7 16. f4 f5 17. Nxd7 Qxd7 18. Re3 Rf6 19. Rae1 Qd6 20. g3 h6 21. Qd1 Rbf8 22. Qe2 Nd8 23. h4 g5 24. hxg5 hxg5 25. fxg5 Rg6 26. Qh5 Kg7 27. Qh4 Qe7 28. Kg2 Rh8 29. Qf4 Qxg5 30. Qxg5 Rxg5 31. R1e2 Rgh5 32. Kf3 Rh2 33. Bb5 Rxe2 34. Rxe2 Kf6 35. a4 Nf7 36. Bd3 Rh1 37. Kg2 Rd1 38. Bc2 Rc1 39. g4 f4 40. Kf3 Rf1+ 41. Kg2 Rc1 42. Kf3 Rf1+ 43. Kg2 1/2-1/2

[Event "RUS-ch Men Rapid 2019"]
[Site "Sochi"]
[Date "2019.10.15"]
[Round "4.25"]
[White "Morozevich, Alexander"]
[Black "Chizhikov, Vladislav"]
[Result "1-0"]
[ECO "B30"]
[WhiteElo "2550"]
[BlackElo "2273"]
[Annotator "ChessBase"]
[PlyCount "47"]
[EventDate "2019.10.15"]
[EventType "swiss"]
[EventCountry "RUS"]
[SourceTitle "playchess.com"]
[Source "ChessBase"]
[SourceQuality "1"]
[TimeControl "900+10"]

1. Nf3 c5 2. e4 Nc6 3. Nc3 g6 4. Bb5 Bg7 5. O-O Nd4 6. Ba4 e6 7. Nxd4 cxd4 8. Nb5 Qb6 9. c3 e5 10. cxd4 exd4 11. e5 Kf8 12. Re1 d5 13. exd6 Nf6 14. d3 Bd7 15. Qb3 Rd8 16. Bf4 Be6 17. Rxe6 fxe6 18. Nc7 Qxb3 19. Bxb3 Rd7 20. Nxe6+ Ke8 21. Re1 Kf7 22. Nc5+ Kf8 23. Nxd7+ Nxd7 24. Re7 1-0

[Event "RUS-ch Men Rapid 2019"]
[Site "Sochi"]
[Date "2019.10.15"]
[Round "4.26"]
[White "Papin, Vasily"]
[Black "Orlinkov, Maxim L."]
[Result "1-0"]
[ECO "A20"]
[WhiteElo "2541"]
[BlackElo "2297"]
[Annotator "ChessBase"]
[PlyCount "121"]
[EventDate "2019.10.15"]
[EventType "swiss"]
[EventCountry "RUS"]
[SourceTitle "playchess.com"]
[Source "ChessBase"]
[SourceQuality "1"]
[TimeControl "900+10"]

1. c4 e5 2. g3 Nc6 3. Nc3 f5 4. Nf3 e4 5. Nh4 d6 6. d3 exd3 7. Qxd3 Ne5 8. Qc2 g6 9. Bg2 Nf6 10. b3 Bg7 11. Bb2 O-O 12. O-O Nfg4 13. h3 Nh6 14. f4 g5 15. Nf3 gxf4 16. gxf4 Ng6 17. e3 c6 18. Rad1 Qe7 19. Rfe1 Nf7 20. Nd4 Nh4 21. Bh1 Bd7 22. Kh2 Rae8 23. Qf2 Kh8 24. Nf3 Nxf3+ 25. Bxf3 Rg8 26. Bh5 Ref8 27. Rg1 Nd8 28. Qd2 Rf6 29. Ne2 Rh6 30. Bf3 Bxb2 31. Qxb2+ Qf6 32. Qxf6+ Rxf6 33. Rge1 Re8 34. Rd3 Rfe6 35. Nd4 Rh6 36. Red1 Nf7 37. Nc2 Kg7 38. Rg1+ Kf8 39. b4 Be6 40. Rc3 Rg6 41. Rd1 Rh6 42. b5 Rc8 43. bxc6 bxc6 44. Nd4 Bd7 45. Rb1 c5 46. Nb5 Rb8 47. Ra3 d5 48. Rxa7 Bc6 49. Bxd5 Bxd5 50. cxd5 Nd6 51. a4 Nc4 52. Rg1 Nxe3 53. Rgg7 Nxd5 54. Raf7+ Ke8 55. Rxf5 Nf6 56. Nd6+ Kf8 57. Rf7+ Kg8 58. R7xf6 Rb2+ 59. Kg1 Rb1+ 60. Kf2 Rb2+ 61. Ke1 1-0

[Event "RUS-ch Men Rapid 2019"]
[Site "Sochi"]
[Date "2019.10.15"]
[Round "4.27"]
[White "Kurbedinov, Ramis"]
[Black "Gutenev, Alexander"]
[Result "1/2-1/2"]
[ECO "A05"]
[WhiteElo "2305"]
[BlackElo "2539"]
[Annotator "ChessBase"]
[PlyCount "94"]
[EventDate "2019.10.15"]
[EventType "swiss"]
[EventCountry "RUS"]
[SourceTitle "playchess.com"]
[Source "ChessBase"]
[SourceQuality "1"]
[TimeControl "900+10"]

1. Nf3 Nf6 2. e3 g6 3. c4 Bg7 4. Nc3 O-O 5. d4 d5 6. cxd5 Nxd5 7. Bd3 c5 8. O-O cxd4 9. Nxd4 Nxc3 10. bxc3 e5 11. Ne2 Qc7 12. Qa4 Rd8 13. Bb5 Be6 14. Ba3 Nd7 15. Rfd1 Nb6 16. Qh4 a6 17. Bd3 Rd7 18. Bc2 Rad8 19. Ng3 Nc4 20. Rxd7 Rxd7 21. Bc1 f5 22. e4 f4 23. Nf1 Qc5 24. Rb1 h6 25. a4 Kh7 26. Bb3 b6 27. h3 Rd3 28. Nh2 Rxc3 29. Nf3 Kg8 30. Qd8+ Qf8 31. Qc7 Qf7 32. Qd8+ Kh7 33. Bxc4 Rxc4 34. Ba3 Rxa4 35. Bd6 Rxe4 36. Rxb6 a5 37. Qb8 Qg8 38. Qa7 Bd5 39. Bxe5 Qf7 40. Qb8 Rb4 41. Rxb4 axb4 42. Bxg7 Kxg7 43. Qxb4 Bxf3 44. Qc3+ Qf6 45. Qxf3 h5 46. Kh2 Qe5 47. Qb7+ Kh6 1/2-1/2

[Event "RUS-ch Men Rapid 2019"]
[Site "Sochi"]
[Date "2019.10.15"]
[Round "4.28"]
[White "Goltsev, Dmitry"]
[Black "Khegay, Dmitriy"]
[Result "1-0"]
[ECO "C01"]
[WhiteElo "2309"]
[BlackElo "2509"]
[Annotator "ChessBase"]
[PlyCount "89"]
[EventDate "2019.10.15"]
[EventType "swiss"]
[EventCountry "RUS"]
[SourceTitle "playchess.com"]
[Source "ChessBase"]
[SourceQuality "1"]
[TimeControl "900+10"]

1. e4 e6 2. d4 d5 3. exd5 exd5 4. Bd3 Bd6 5. Nf3 Nc6 6. h3 Nge7 7. O-O Be6 8. Re1 Qd7 9. Nc3 O-O-O 10. Nb5 a6 11. Nxd6+ Qxd6 12. Ng5 h6 13. Nxe6 fxe6 14. Qg4 h5 15. Qxg7 Rdf8 16. c3 e5 17. dxe5 Qe6 18. Bg5 Nf5 19. Bxf5 Qxf5 20. Bf6 Rhg8 21. Qh6 Nd8 22. Qe3 Ne6 23. Kh2 Nf4 24. Rg1 Rg6 25. Bh4 Nd3 26. Rad1 Nxe5 27. Bg3 Re6 28. Qa7 Nc6 29. Qc5 h4 30. Bxh4 Rh8 31. Rxd5 Qh7 32. Bg5 Qc2 33. Rgd1 b6 34. Qc4 Kb7 35. Rd7 Qg6 36. Bf4 Rc8 37. Bg3 Qe8 38. R1d5 Re4 39. Qd3 Re6 40. Qf3 Kb8 41. Qf4 Ne5 42. Rg7 Ng6 43. Qd4 Qc6 44. Rd8 Re8 45. Bxc7+ 1-0

[Event "RUS-ch Men Rapid 2019"]
[Site "Sochi"]
[Date "2019.10.15"]
[Round "4.29"]
[White "Faizrakhmanov, Ramil"]
[Black "Dianov, Alexey"]
[Result "1-0"]
[ECO "A41"]
[WhiteElo "2434"]
[BlackElo "2158"]
[Annotator "NA RC"]
[PlyCount "85"]
[EventDate "2019.10.15"]
[EventType "swiss"]
[EventCountry "RUS"]
[SourceTitle "playchess.com"]
[Source "ChessBase"]
[SourceQuality "1"]
[TimeControl "900+10"]

1. d4 d6 2. Nf3 Nf6 3. c4 Nbd7 4. Nc3 e5 5. g3 Be7 6. Bg2 O-O 7. O-O c6 8. b3 Re8 9. Qc2 Bf8 10. Rd1 Qc7 11. Bb2 a5 12. e3 g6 13. d5 Nc5 14. h3 Bf5 15. Qe2 Qb6 16. g4 Bc8 17. Ba3 Nfe4 18. Nxe4 Nxe4 19. Qc2 Nc5 20. Ng5 f5 21. gxf5 Bxf5 22. Bxc5 dxc5 23. Be4 cxd5 24. Bxf5 gxf5 25. Qxf5 Qg6 26. Qxg6+ hxg6 27. Rxd5 e4 28. Rad1 Ra6 29. Rd8 Re5 30. R1d5 Rxd5 31. cxd5 Rf6 32. Nxe4 Rf5 33. Nxc5 Kf7 34. Nxb7 Be7 35. Ra8 Rxd5 36. Rxa5 Rd7 37. Nc5 Rd5 38. b4 Rd1+ 39. Kg2 Rb1 40. a3 Rb2 41. Ne4 Ra2 42. Ra6 Bxb4 43. Rf6+ 1-0

[Event "RUS-ch Men Rapid 2019"]
[Site "Sochi"]
[Date "2019.10.15"]
[Round "4.30"]
[White "Alexeev, Alexey"]
[Black "Nazaretyan, Tigran"]
[Result "1-0"]
[ECO "B20"]
[WhiteElo "2252"]
[BlackElo "2297"]
[Annotator "NA"]
[PlyCount "92"]
[EventDate "2019.10.15"]
[EventType "swiss"]
[EventCountry "RUS"]
[SourceTitle "playchess.com"]
[Source "ChessBase"]
[SourceQuality "1"]
[TimeControl "900+10"]

1. e4 c5 2. a3 g6 3. b4 Bg7 4. Nc3 d6 5. g3 Nf6 6. Bg2 Nc6 7. Rb1 O-O 8. Nge2 Nd4 9. Nxd4 cxd4 10. Ne2 e5 11. c4 d3 12. Nc3 Bg4 13. Qb3 Rc8 14. h3 Bd7 15. Bf1 b5 16. Bxd3 bxc4 17. Bxc4 Qb6 18. d3 Rxc4 19. dxc4 Rc8 20. Be3 Qb7 21. f3 Qa6 22. b5 Qa5 23. Kf2 Be6 24. Nd5 Bxd5 25. cxd5 Rc3 26. Qb2 Nd7 27. Rhc1 Rxe3 28. Rc8+ Nf8 29. Kxe3 Bh6+ 30. Ke2 Qb6 31. Qc3 Kg7 32. a4 a5 33. Rc6 Qd8 34. b6 Qg5 35. Kf2 Nd7 36. b7 Nb8 37. Rc8 Qh5 38. Kg2 Bf4 39. Rxb8 Qg5 40. Rg8+ Kxg8 41. Qc8+ Kg7 42. Qg4 Qf6 43. gxf4 exf4 44. b8=Q h5 45. Qgc8 Qg5+ 46. Kh1 Qd8 1-0

[Event "RUS-ch Men Rapid 2019"]
[Site "Sochi"]
[Date "2019.10.15"]
[Round "4.32"]
[White "Kardashevskiy, Evgeny"]
[Black "Sysolyatin, Evgeny"]
[Result "0-1"]
[ECO "D37"]
[WhiteElo "2428"]
[BlackElo "2271"]
[Annotator "NA"]
[PlyCount "112"]
[EventDate "2019.10.15"]
[EventType "swiss"]
[EventCountry "RUS"]
[SourceTitle "playchess.com"]
[Source "ChessBase"]
[SourceQuality "1"]
[TimeControl "900+10"]

1. d4 Nf6 2. Nf3 d5 3. c4 e6 4. Nc3 Be7 5. g3 Nbd7 6. Bg2 dxc4 7. O-O a6 8. a4 Rb8 9. e4 b5 10. axb5 axb5 11. d5 e5 12. Qe2 O-O 13. Be3 Re8 14. Nh4 Nc5 15. Rad1 Bd6 16. h3 Bd7 17. Nf5 Ncxe4 18. Nh6+ gxh6 19. Nxe4 Nxe4 20. Bxe4 f5 21. Bb1 Qf6 22. Kh2 Re7 23. Qf3 Kh8 24. Qh5 f4 25. Bd2 Qg5 26. Qf3 Rf8 27. gxf4 e4 28. Qc3+ Qg7 29. Qxg7+ Rxg7 30. Bc3 Bxf4+ 31. Kh1 Bxh3 32. Rg1 Bg5 33. Bxe4 Bf6 34. Rxg7 Bxg7 35. Kh2 Bf5 36. Bg2 Bd3 37. Kg3 h5 38. Re1 h4+ 39. Kxh4 Bxc3 40. bxc3 Rxf2 41. Kg3 Re2 42. Rxe2 Bxe2 43. Kf2 Bd3 44. Ke3 Kg7 45. Kd4 Kf6 46. Kc5 Ke5 47. Kxb5 Be4 48. Bf1 Bxd5 49. Be2 c6+ 50. Kc5 Ke4 51. Bh5 Kf4 52. Be2 Bf3 53. Bxc4 h5 54. Be6 h4 55. c4 Kg3 56. Kd4 h3 0-1

[Event "RUS-ch Men Rapid 2019"]
[Site "Sochi"]
[Date "2019.10.15"]
[Round "5.2"]
[White "Golubov, Saveliy"]
[Black "Sakaev, Konstantin"]
[Result "1-0"]
[ECO "D02"]
[WhiteElo "2518"]
[BlackElo "2586"]
[Annotator "ChessBase"]
[PlyCount "77"]
[EventDate "2019.10.15"]
[EventType "swiss"]
[EventCountry "RUS"]
[SourceTitle "playchess.com"]
[Source "ChessBase"]
[SourceQuality "1"]
[TimeControl "900+10"]

1. d4 d5 2. Nf3 Nf6 3. c3 e6 4. Bf4 c5 5. e3 Nc6 6. Nbd2 cxd4 7. exd4 Nh5 8. Be3 Bd6 9. Ne5 g6 10. f4 f6 11. Nxc6 bxc6 12. g3 Qb6 13. b4 O-O 14. Be2 Ng7 15. O-O e5 16. fxe5 fxe5 17. Rxf8+ Bxf8 18. Nf3 Nf5 19. Bf2 e4 20. Ne5 Bg7 21. a4 Be6 22. b5 e3 23. Be1 Bxe5 24. dxe5 c5 25. g4 Nh6 26. a5 Qd8 27. Bg3 Qd7 28. h3 Nf7 29. Bf4 d4 30. cxd4 cxd4 31. Bd3 Rd8 32. b6 Bd5 33. Qa4 Bc6 34. Qc4 Bd5 35. Qxd4 Qe7 36. Qxe3 Ba8 37. Be4 axb6 38. axb6 Bxe4 39. Qxe4 1-0

[Event "RUS-ch Men Rapid 2019"]
[Site "Sochi"]
[Date "2019.10.15"]
[Round "5.3"]
[White "Tsydypov, Zhamsaran"]
[Black "Drygalov, Andrey"]
[Result "1-0"]
[ECO "A20"]
[WhiteElo "2671"]
[BlackElo "2538"]
[Annotator "RC"]
[PlyCount "77"]
[EventDate "2019.10.15"]
[EventType "swiss"]
[EventCountry "RUS"]
[SourceTitle "playchess.com"]
[Source "ChessBase"]
[SourceQuality "1"]
[TimeControl "900+10"]

1. c4 e5 2. g3 Nf6 3. Bg2 d5 4. cxd5 Nxd5 5. Nc3 Nb6 6. e3 h5 7. Nge2 h4 8. d4 hxg3 9. hxg3 Rxh1+ 10. Bxh1 Bd6 11. dxe5 Bxe5 12. Qxd8+ Kxd8 13. f4 Bf6 14. e4 c6 15. Be3 Bg4 16. Bd4 N8d7 17. Bxf6+ Nxf6 18. e5 Nfd7 19. b4 Kc7 20. Kf2 f6 21. exf6 gxf6 22. b5 Nc5 23. bxc6 bxc6 24. Nd4 Rd8 25. Nxc6 Rd2+ 26. Kg1 Rd3 27. Nxa7 Rxg3+ 28. Kf2 Rh3 29. Bg2 Nd3+ 30. Kg1 Rh8 31. Nab5+ Kd7 32. Rf1 Nc4 33. Nd5 Be2 34. Ra1 Rh6 35. Nd4 Bg4 36. a4 Rg6 37. f5 Rg7 38. Nxf6+ Kd6 39. Ne8+ {[%emt 0:00:02] Kd5} 1-0